 Dungeon Crawl Stone Soup version bcrawl-1.27.3 (webtiles) character file.

Game seed: 12081132275703017622

475616 pasperui the Nimble (level 12, -1/98 HPs)
             Began as a Gnoll Reaver on Oct 2, 2020.
             Was a High Priest of Vehumet.
             Slain by Gastronok (16 damage)
             ... on level 1 of the Lair of Beasts on Oct 15, 2020.
             The game lasted 00:53:09 (8757 turns).

pasperui the Nimble (Gnoll Reaver)                  Turns: 8757, Time: 00:53:09

Health: -1/98      AC: 11    Str: 16    XL:     12   Next: 5%
Magic:  20/24      EV: 19    Int: 18    God:    Vehumet [*****.]
Gold:   519        SH:  3    Dex: 17    Spells: 9/28 levels left

rFire    . . .     SeeInvis .   E - +5 long sword
rCold    . . .     Gourm    .   (no shield)
rNeg     . . .     Faith    .   b - +0 steam dragon scales
rPois    .         Spirit   .   f - +1 hat
rElec    .         Reflect  .   Q - +0 cloak
rCorr    .         Harm     .   O - +0 pair of gloves
MR       .....                  (no boots)
Stlth    +++++.....             (no amulet)
HPRegen  0.26/turn              s - ring of stealth
MPRegen  0.19/turn              U - ring of wizardry

@: slowed, very slow
A: distributed training, fangs 1, hooves 1, rugged brown scales 1, agile 1,
subdued magic 1, strong nose
a: Renounce Religion


You were on level 1 of the Lair of Beasts.
You worshipped Vehumet.
Vehumet was extremely pleased with you.
You were very hungry.

You visited 2 branches of the dungeon, and saw 11 of its levels.

You collected 841 gold pieces.
You spent 322 gold pieces at shops.

Inventory:

Hand Weapons
 a - a +4 halberd
 B - the +8 frozen axe "Frostbite" {freezing cloud, *Noise +Fly rC+}
   (You found it on level 5 of the Dungeon)

   It has been specially enchanted to freeze those struck by it, increasing
   damage dealt by approximately one third against foes not resistant or
   susceptible to cold, and potentially slowing cold-blooded foes.
   It protects you from cold.
   It lets you fly.
   It may make noises in combat.
 E - a +5 long sword (weapon)
 G - a +1 morningstar of holy wrath
Missiles
 l - 2203 stones (quivered)
 o - 440 bolts
 p - 1186 arrows
 q - 1078 sling bullets
 J - 140 javelins
 T - 89 poisoned needles
Armour
 b - +0 steam dragon scales (worn)
 f - a +1 hat (worn)
 j - a +0 ring mail
 w - a +0 helmet
 D - a +2 ring mail of poison resistance
 O - a +0 pair of gloves (worn)
 Q - a +0 cloak (worn)
 W - the +12 plate armour "Mohexi" {SInv, unknown}
   (You found it on level 8 of the Dungeon)

   It lets you see invisible.
 Y - a +0 cloak
Jewellery
 s - a ring of stealth (left hand)
 v - a +4 ring of evasion
 A - an uncursed ring of positive energy
 H - an uncursed ring of insulation
 N - an uncursed ring of see invisible {unknown}
 R - the cursed ring "Soenaup" {rF+ Stlth--, unknown}
   (You found it on level 1 of the Lair of Beasts)

   [ring of attention]

   It protects you from fire.
   It makes you much less stealthy.
   It has a curse placed upon it.
 U - a ring of wizardry (right hand)
Wands
 m - a wand of flame (21)
 I - a wand of random effects (9)
 L - a wand of scattershot (14)
Scrolls
 d - 3 scrolls of immolation
 h - 2 scrolls of blinking {unknown}
 k - 9 scrolls of teleportation
 u - a scroll of remove curse {unknown}
 y - a scroll of fog {unknown}
 K - 2 scrolls of fear {unknown}
 P - a scroll of enchant weapon
 V - 4 scrolls of identify
 X - a scroll of vulnerability {unknown}
 Z - a scroll of magic mapping {unknown}
Potions
 c - 4 potions of haste
 g - a potion of degeneration {unknown}
 i - 3 potions of heal wounds
 n - 3 potions of curing
 r - 2 potions of brilliance {unknown}
 t - 3 potions of agility {unknown}
 x - 3 potions of ambrosia {unknown}
 z - a potion of invisibility {unknown}
 C - 4 potions of lignification {unknown}
 F - 3 potions of flight {unknown}
 M - a potion of resistance {unknown}
 S - a potion of might
Comestibles
 e - 12 rations {!d}


   Skills:
 + Level 9.5 Fighting
 + Level 6.7 Short Blades
 + Level 9.5 Long Blades
 + Level 6.7 Axes
 + Level 6.7 Maces & Flails
 + Level 6.7 Polearms
 + Level 6.7 Staves
 + Level 6.7 Slings
 + Level 6.7 Bows
 + Level 6.7 Crossbows
 + Level 6.7 Throwing
 + Level 6.7 Armour
 + Level 9.5 Dodging
 + Level 6.7 Stealth
 + Level 6.7 Shields
 + Level 6.7 Unarmed Combat
 + Level 8.5 Spellcasting
 + Level 5.6 Conjurations
 + Level 5.6 Hexes
 + Level 5.6 Charms
 + Level 5.6 Summonings
 + Level 5.6 Necromancy
 + Level 5.6 Translocations
 + Level 5.6 Transmutations
 + Level 5.6 Fire Magic
 + Level 5.6 Ice Magic
 + Level 5.6 Air Magic
 + Level 5.6 Earth Magic
 + Level 5.6 Poison Magic
 + Level 7.4 Invocations
 + Level 6.7 Evocations


You had 9 spell levels left.
You knew the following spells:

 Your Spells              Type           Power        Failure   Level  Hunger
a - Conjure Flame         Conj/Fire      ###.....     1%          3    None
b - Mephitic Cloud        Conj/Pois/Air  ###.....     1%          3    None
c - Blink                 Tloc           N/A          1%          2    None
d - Throw Frost           Conj/Ice       ###...       1%          2    None
e - Ice Form              Ice/Tmut       ###.....     2%          4    ###....
f - Blade Hands           Tmut           ###.......   9%          5    ####...

Your spell library contained the following spells:

 Spells                   Type           Power        Failure   Level  Hunger
 Orb of Destruction       Conj           ###.......   52%         7    #######
 Beastly Appendage        Tmut           ###...       1%          1    None
 Corona                   Hex            ###....      1%          1    None
 Freeze                   Ice            ###...       1%          1    None
 Magic Dart               Conj           ###.         1%          1    None
 Call Imp                 Summ           ###...       1%          2    None
 Ensorcelled Hibernation  Hex/Ice        ###...       1%          2    None
 Passwall                 Tmut/Erth      ###.....     1%          2    None
 Sticks to Snakes         Tmut           ###.....     1%          2    None
 Confuse                  Hex            ###.....     1%          3    None
 Dazzling Orbs            Conj/Hex       ###....      1%          3    None
 Ozocubu's Armour         Chrm/Ice       ###.....     1%          3    None
 Spider Form              Tmut/Pois      ###          1%          3    None
 Tukima's Dance           Hex            ###.....     1%          3    None
 Throw Icicle             Conj/Ice       ###.....     1%          4    ###....
 Summon Ice Beast         Ice/Summ       ###.....     2%          4    ###....
 Iskenderun's Battlesphe  Conj/Chrm      ###.....     2%          5    ####...


Dungeon Overview and Level Annotations

Branches:
Dungeon (10/12)            Temple (0/1) D:7            Lair (1/6) D:9
    Orc: D:8-11

Altars:
Ashenzari
Cheibriados
Dithmenos
Gozag
Hepliaklqana
Makhleb
Okawaru
Qazlal
Ru
Wu Jian
Yredelemnul
The Shining One

Shops:
D:7 =

Annotations:
Lair:1 Gastronok


Innate Abilities, Weirdness & Mutations

Your experience applies equally to all skills.
You have very sharp teeth.
Your uncanny sense of smell can sniff out nearby items.
You have large cloven feet.
You are partially covered in rugged brown scales. (AC +1, +3% HP)
You are agile. (Dex +2)
Your spells are a little easier to cast, but a little less powerful.


Message History

You hit Gastronok but do no damage. You kick Gastronok, but do no damage.
You punch Gastronok, but do no damage.
Gastronok is moderately wounded.
Gastronok is engulfed in noxious fumes.
Gastronok bites you.
Gastronok is engulfed in noxious fumes.
Gastronok bites you.
You slash Gastronok! You kick Gastronok, but do no damage.
Gastronok is heavily wounded.
Gastronok is engulfed in noxious fumes.
Gastronok closely misses you.
You hit Gastronok. You kick Gastronok.
Gastronok is heavily wounded.
Gastronok is engulfed in noxious fumes.
Gastronok barely misses you.
You slash Gastronok! You kick Gastronok. You bite Gastronok.
Gastronok is heavily wounded.
Gastronok is engulfed in noxious fumes.
Gastronok bites you!!
* * * LOW HITPOINT WARNING * * *
You hit Gastronok. You bite Gastronok.
Gastronok is severely wounded.
Gastronok casts a spell.
Gastronok puts on a burst of speed!
Gastronok bites you!
You die...

#.............#
......##....#
##.#...P....##
#...........# ∆
....#####PP.#
.....###≈##..#
...#.##§≈≈##.##
#.#§§≈≈##..#
...#§§≈##@##
...######w#
.......55# #
.......5# .
........# .
........# .
......... .
........# .
........#


You could see Gastronok, an iron imp, a white imp and a shadow imp.

Vanquished Creatures
  A death knight (D:9)
  3 death yaks
  An orc sorcerer (D:8)
  3 black mambas (Lair:1)
  2 centaur skeletons
  2 komodo dragons (Lair:1)
  3 kobold demonologists (D:8)
  3 hippogriffs
  3 blink frogs (Lair:1)
  A wyvern (D:8)
  7 yaks
  Grum (D:9)
  2 hungry ghosts
  A crocodile (D:7)
  2 water moccasins (Lair:1)
  2 porcupines (D:9)
  5 orc warriors
  An eye of draining (D:6)
  An ice beast (D:5)
  3 sky beasts
  A phantom (D:3)
  A hornet zombie (D:5)
  3 black bears
  4 wolves (D:9)
  An ogre (D:4)
  5 centaurs
  3 bullfrogs
  2 big kobolds
  A water moccasin zombie (D:6)
  3 scorpions
  6 killer bees (D:9)
  8 wights
  A howler monkey (D:7)
  5 crimson imps
  A centaur zombie (D:5)
  A quasit (D:6)
  2 jellies
  3 orc priests
  A bullfrog skeleton (D:8)
  A gnoll shaman (D:6)
  3 hounds
  Crazy Yiuf (D:7)
  8 orc wizards
  Terence (D:3)
  7 iguanas
  7 worker ants
  3 hell rats (D:9)
  A killer bee zombie (D:5)
  A hound zombie (D:6)
  A hound skeleton (D:5)
  2 worker ant zombies (D:7)
  Robin (D:3)
  8 gnolls (D:6)
  8 adders
  2 shadow imps
  4 oozes
  2 adder skeletons
  A worm (D:6)
  3 dart slugs
  6 leopard geckos
  27 orcs
  3 giant cockroaches
  8 goblins
  5 hobgoblins (D:3)
  11 jackals
  4 quokkas
  A ball python (D:3)
  2 bats (D:1)
  3 frilled lizards (D:1)
  2 goblin skeletons (D:9)
  2 hobgoblin zombies (D:9)
  13 kobolds
  2 kobold zombies (D:9)
  2 orc skeletons (D:9)
  3 orc zombies (D:9)
  6 rats
264 creatures vanquished.

Vanquished Creatures (collateral kills)
  A killer bee (D:9)
1 creature vanquished.

Vanquished Creatures (others)
  A killer bee (D:9)
  A fungus (Lair:1)
2 creatures vanquished.

Grand Total: 267 creatures vanquished

Notes
Turn   | Place    | Note
-------+----------+-------------------------------------------
     0 | D:1      | pasperui the Gnoll Reaver began the quest for the Orb.
     0 | D:1      | Reached XP level 1. HP: 23/23 MP: 6/6
   249 | D:1      | Reached XP level 2. HP: 29/29 MP: 7/7
   658 | D:2      | Reached XP level 3. HP: 35/35 MP: 9/9
   776 | D:2      | Reached skill level 5 in Spellcasting
  1203 | D:3      | Reached skill level 1 in Invocations
  1255 | D:3      | Noticed Robin
  1281 | D:3      | Reached * piety under Vehumet
  1281 | D:3      | Offered knowledge of Freeze by Vehumet.
  1306 | D:3      | Killed Robin
  1306 | D:3      | Reached skill level 1 in Short Blades
  1306 | D:3      | Reached skill level 1 in Axes
  1306 | D:3      | Reached skill level 1 in Maces & Flails
  1306 | D:3      | Reached skill level 1 in Polearms
  1306 | D:3      | Reached skill level 1 in Staves
  1306 | D:3      | Reached skill level 1 in Slings
  1306 | D:3      | Reached skill level 1 in Bows
  1306 | D:3      | Reached skill level 1 in Crossbows
  1306 | D:3      | Reached skill level 1 in Throwing
  1306 | D:3      | Reached skill level 1 in Armour
  1306 | D:3      | Reached skill level 1 in Stealth
  1306 | D:3      | Reached skill level 1 in Shields
  1306 | D:3      | Reached skill level 1 in Unarmed Combat
  1306 | D:3      | Reached skill level 1 in Evocations
  1306 | D:3      | Reached XP level 4. HP: 41/41 MP: 11/11
  1359 | D:3      | Learned a level 3 spell: Conjure Flame
  1363 | D:3      | Learned a level 3 spell: Mephitic Cloud
  1366 | D:3      | Learned a level 2 spell: Blink
  1371 | D:3      | Noticed Terence
  1391 | D:3      | Killed Terence
  1430 | D:3      | Reached skill level 1 in Conjurations
  1430 | D:3      | Reached skill level 1 in Hexes
  1430 | D:3      | Reached skill level 1 in Charms
  1430 | D:3      | Reached skill level 1 in Summonings
  1430 | D:3      | Reached skill level 1 in Necromancy
  1430 | D:3      | Reached skill level 1 in Translocations
  1430 | D:3      | Reached skill level 1 in Transmutations
  1430 | D:3      | Reached skill level 1 in Fire Magic
  1430 | D:3      | Reached skill level 1 in Ice Magic
  1430 | D:3      | Reached skill level 1 in Air Magic
  1430 | D:3      | Reached skill level 1 in Earth Magic
  1430 | D:3      | Reached skill level 1 in Poison Magic
  1431 | D:3      | Found an opulent altar of Gozag.
  1571 | D:3      | Found a snail-covered altar of Cheibriados.
  1643 | D:3      | Noticed a phantom
  1658 | D:3      | Killed a phantom
  1658 | D:3      | Reached XP level 5. HP: 41/47 MP: 12/12
  1727 | D:4      | Reached XP level 6. HP: 28/53 MP: 13/13
  1897 | D:4      | Found a burning altar of Makhleb.
  1898 | D:4      | Found a hazy altar of Hepliaklqana.
  1902 | D:4      | Found a stormy altar of Qazlal.
  1987 | D:4      | Reached XP level 7. HP: 50/59 MP: 6/15
  2150 | D:5      | Entered Level 5 of the Dungeon
  2169 | D:5      | Found the +8 frozen axe "Frostbite" {freezing cloud, *Noise
                  | +Fly rC+}
  2412 | D:5      | Reached ** piety under Vehumet
  2447 | D:5      | Noticed a hungry ghost
  2480 | D:5      | Killed a hungry ghost
  2480 | D:5      | Offered knowledge of Throw Frost by Vehumet.
  2488 | D:5      | Learned a level 2 spell: Throw Frost
  2656 | D:5      | Reached XP level 8. HP: 18/67 MP: 3/16
  3268 | D:6      | Offered knowledge of Iskenderun's Mystic Blast by Vehumet.
  3502 | D:6      | Found a sacrificial altar of Ru.
  3574 | D:6      | Found an iron altar of Okawaru.
  3590 | D:6      | Reached *** piety under Vehumet
  3634 | D:6      | Reached XP level 9. HP: 55/72 MP: 18/18
  4082 | D:6      | Offered knowledge of Yara's Violent Unravelling by Vehumet.
  4227 | D:7      | Found a shattered altar of Ashenzari.
  4303 | D:7      | Found a runed door.
  4355 | D:7      | Noticed Crazy Yiuf
  4360 | D:7      | Killed Crazy Yiuf
  4409 | D:7      | Found a staircase to the Ecumenical Temple.
  4498 | D:7      | Reached skill level 5 in Invocations
  4503 | D:7      | Found a shadowy altar of Dithmenos.
  4521 | D:7      | Learned a level 4 spell: Ice Form
  4565 | D:7      | Reached **** piety under Vehumet
  4613 | D:7      | Found Yklomorch's Jewellery Emporium.
  4643 | D:7      | Learned a level 5 spell: Blade Hands
  4708 | D:7      | Found an iron altar of Okawaru.
  4767 | D:7      | Bought an uncursed ring of wizardry for 322 gold pieces
  4964 | D:8      | Offered knowledge of Bolt of Draining by Vehumet.
  4968 | D:8      | Reached XP level 10. HP: 66/80 MP: 16/20
  5014 | D:8      | Gained mutation: You are clumsy. (Dex -2) [potion of
                  | mutation]
  5014 | D:8      | Gained mutation: You are partially covered in rugged brown
                  | scales. (AC +1, +3% HP) [potion of mutation]
  5015 | D:8      | Lost mutation: You are clumsy. (Dex -2) [potion of
                  | mutation]
  5015 | D:8      | Gained mutation: You are mostly covered in rugged brown
                  | scales. (AC +2, +5% HP) [potion of mutation]
  5015 | D:8      | Gained mutation: Your spells are a little easier to cast,
                  | but a little less powerful. [potion of mutation]
  5015 | D:8      | Gained mutation: You expend magic power (3 MP) to
                  | strengthen your wands. [potion of mutation]
  5016 | D:8      | Lost mutation: You are mostly covered in rugged brown
                  | scales. (AC +2, +5% HP) [potion of mutation]
  5016 | D:8      | Lost mutation: You expend magic power (3 MP) to strengthen
                  | your wands. [potion of mutation]
  5016 | D:8      | Gained mutation: You have large cloven feet. [potion of
                  | mutation]
  5016 | D:8      | Gained mutation: You are agile. (Dex +2) [potion of
                  | mutation]
  5050 | D:8      | Got a twisted plate armour
  5094 | D:8      | Reached skill level 5 in Short Blades
  5094 | D:8      | Reached skill level 5 in Axes
  5094 | D:8      | Reached skill level 5 in Maces & Flails
  5094 | D:8      | Reached skill level 5 in Polearms
  5094 | D:8      | Reached skill level 5 in Staves
  5094 | D:8      | Reached skill level 5 in Slings
  5094 | D:8      | Reached skill level 5 in Bows
  5094 | D:8      | Reached skill level 5 in Crossbows
  5094 | D:8      | Reached skill level 5 in Throwing
  5094 | D:8      | Reached skill level 5 in Armour
  5094 | D:8      | Reached skill level 5 in Stealth
  5094 | D:8      | Reached skill level 5 in Shields
  5094 | D:8      | Reached skill level 5 in Unarmed Combat
  5094 | D:8      | Reached skill level 5 in Evocations
  5572 | D:9      | Noticed a death yak
  5630 | D:9      | Noticed a death yak
  5646 | D:9      | Noticed a death yak
  5666 | D:8      | HP: 4/84 [death yak (17)]
  5667 | D:8      | Killed a death yak
  5842 | D:8      | Noticed a kobold demonologist
  5889 | D:8      | Noticed a kobold demonologist
  5891 | D:8      | Noticed a kobold demonologist
  5892 | D:8      | Noticed an orc sorcerer
  5897 | D:8      | Paralysed by an orc sorcerer for 2 turns
  5897 | D:8      | Killed a kobold demonologist
  5897 | D:8      | Reached ***** piety under Vehumet
  5913 | D:8      | Noticed a rust devil
  5917 | D:8      | Noticed a smoke demon
  5917 | D:8      | Killed a kobold demonologist
  5919 | D:8      | Killed a kobold demonologist
  5919 | D:8      | Offered knowledge of Orb of Destruction by Vehumet.
  5919 | D:8      | Reached XP level 11. HP: 89/89 MP: 8/22
  6008 | D:8      | Paralysed by an orc sorcerer for 4 turns
  6028 | D:8      | Killed an orc sorcerer
  6316 | D:9      | Noticed a death knight
  6942 | D:9      | Killed a death yak
  6942 | D:9      | Reached skill level 5 in Conjurations
  6942 | D:9      | Reached skill level 5 in Hexes
  6942 | D:9      | Reached skill level 5 in Charms
  6942 | D:9      | Reached skill level 5 in Summonings
  6942 | D:9      | Reached skill level 5 in Necromancy
  6942 | D:9      | Reached skill level 5 in Translocations
  6942 | D:9      | Reached skill level 5 in Transmutations
  6942 | D:9      | Reached skill level 5 in Fire Magic
  6942 | D:9      | Reached skill level 5 in Ice Magic
  6942 | D:9      | Reached skill level 5 in Air Magic
  6942 | D:9      | Reached skill level 5 in Earth Magic
  6942 | D:9      | Reached skill level 5 in Poison Magic
  6949 | D:9      | Killed a death yak
  7147 | D:9      | Killed a death knight
  7155 | D:9      | Found a glowing golden altar of the Shining One.
  7268 | D:9      | Found a staircase to the Lair.
  7457 | D:9      | Found a basalt altar of Yredelemnul.
  7636 | D:9      | Noticed Grum
  7674 | D:9      | Killed Grum
  7861 | D:9      | Found an ornate altar of the Wu Jian Council.
  7927 | D:10     | Entered Level 10 of the Dungeon
  8008 | Lair:1   | Entered Level 1 of the Lair of Beasts
  8414 | Lair:1   | Got a shimmering golden ring
  8450 | Lair:1   | Reached XP level 12. HP: 37/98 MP: 24/24
  8649 | Lair:1   | Noticed Gastronok
  8757 | Lair:1   | Slain by Gastronok

Skill      XL: |  1  2  3  4  5  6  7  8  9 10 11 |
---------------+----------------------------------+-----
Spellcasting   | 5 6 7 8 |  8.5
Invocations    | 1 2 3 4 5 6 7 |  7.4
Short Blades   | 1 2 3 4 5 6 |  6.7
Axes           | 1 2 3 4 5 6 |  6.7
Maces & Flails | 1 2 3 4 5 6 |  6.7
Polearms       | 1 2 3 4 5 6 |  6.7
Staves         | 1 2 3 4 5 6 |  6.7
Slings         | 1 2 3 4 5 6 |  6.7
Bows           | 1 2 3 4 5 6 |  6.7
Crossbows      | 1 2 3 4 5 6 |  6.7
Throwing       | 1 2 3 4 5 6 |  6.7
Armour         | 1 2 3 4 5 6 |  6.7
Stealth        | 1 2 3 4 5 6 |  6.7
Shields        | 1 2 3 4 5 6 |  6.7
Unarmed Combat | 1 2 3 4 5 6 |  6.7
Evocations     | 1 2 3 4 5 6 |  6.7
Conjurations   | 1 2 3 4 5 |  5.6
Hexes          | 1 2 3 4 5 |  5.6
Charms         | 1 2 3 4 5 |  5.6
Summonings     | 1 2 3 4 5 |  5.6
Necromancy     | 1 2 3 4 5 |  5.6
Translocations | 1 2 3 4 5 |  5.6
Transmutations | 1 2 3 4 5 |  5.6
Fire Magic     | 1 2 3 4 5 |  5.6
Ice Magic      | 1 2 3 4 5 |  5.6
Air Magic      | 1 2 3 4 5 |  5.6
Earth Magic    | 1 2 3 4 5 |  5.6
Poison Magic   | 1 2 3 4 5 |  5.6
Fighting       | 7 8 9 |  9.5
Long Blades    | 7 8 9 |  9.5
Dodging        | 7 8 9 |  9.5

Action                   |  1- 3 |  4- 6 |  7- 9 | 10-12 || total
-------------------------+-------+-------+-------+-------++-------
Melee: Long sword        |   107 |   117 |   495 |   362 ||  1081
       Bite              |     8 |    13 |    51 |    53 ||   125
       Executioner's axe |       |       |    13 |       ||    13
       Punch             |       |       |    12 |    13 ||    25
       Kick              |       |       |       |   143 ||   143
       Unarmed           |       |       |       |    29 ||    29
       Halberd           |       |       |       |    15 ||    15
 Cast: Mephitic Cloud    |       |     3 |    23 |    61 ||    87
       Throw Frost       |       |       |    12 |       ||    12
       Conjure Flame     |       |       |     3 |     6 ||     9
       Ice Form          |       |       |       |     3 ||     3
 Abil: End Transformatio |       |       |       |     2 ||     2
  Use: Scroll            |       |       |       |     5 ||     5
       Potion            |       |       |       |     8 ||     8
 Stab: Sleeping          |     2 |     4 |    13 |     8 ||    27
       Confused          |       |     3 |     8 |    20 ||    31
  Eat: Chunk             |     3 |     4 |    25 |    18 ||    50
       Ration            |       |       |     1 |     1 ||     2
Armor: Steam dragon scal |    24 |    17 |    78 |    61 ||   180
       Skin              |       |       |       |     6 ||     6
Dodge: Dodged            |    71 |    69 |   434 |   214 ||   788
Block: Other             |     1 |     3 |    23 |    23 ||    50
